 Dungeon Crawl Stone Soup version 0.26.0-45-g9c1d065592 (webtiles) character file.

Game seed: 13001467542021669565

(classic levelgen) 2582 thiole the Skirmisher (level 9, 0/144 HPs)
             Began as an Octopode Hedge Wizard on Jan 31, 2021.
             Was an Initiate of Gozag.
             Slain by a killer bee (6 damage)
             ... on level 9 of the Dungeon.
             The game lasted 00:57:22 (13882 turns).

thiole the Skirmisher (Octopode Hedge Wizard)      Turns: 13882, Time: 00:57:22

Health: 0/144      AC: 24    Str: 10    XL:     9   Next: 58%
Magic:  24/24      EV:  2    Int: 25    God:    Gozag
Gold:   251        SH:  0    Dex: 17    Spells: 5/16 levels left

rFire    . . .     SeeInvis .   F - staff of cold
rCold    + . .     Faith    .   (no shield)
rNeg     + + +     Spirit   .   (helmet currently unavailable)
rPois    +         Reflect  .   j - amulet of regeneration
rElec    .         Harm     .   i - +6 ring of intelligence
rCorr    .         Rampage  .   r - +6 ring of dexterity
Will     .....     NoTele   +   g - ring of magical power
Stlth    ..........             (no ring)
HPRegen  0.74/turn              (no ring)
MPRegen  0.19/turn              (no ring)
                                (no ring)
                                (no ring)

@: berserking, lethally poisoned (0 -> -1), tree-form, slowed
A: almost no armour, stealthy swim, (amphibious), 8 rings, (constrict 8)
a: Renounce Religion, Potion Petition, Call Merchant, Bribe Branch


You were on level 9 of the Dungeon.
You worshipped Gozag.
Gozag was aware of your devotion.
You were a tree.
You visited 1 branch of the dungeon, and saw 9 of its levels.
You also visited: Sewer.

You collected 612 gold pieces.
You paid 361 gold pieces to Gozag.

Inventory:

Hand Weapons
 a - a +0 dagger
 m - a +0 hunting sling
Missiles
 f - 218 stones
 B - 65 arrows
 D - 35 poisoned darts
Armour
 b - a +2 hat (melded)
Magical Staves
 F - an uncursed staff of cold (weapon)
Jewellery
 g - a ring of magical power (on tentacle)
 i - a +6 ring of intelligence (left branch)
 j - an amulet of regeneration (around neck)
 r - a +6 ring of dexterity (right branch)
Wands
 d - a wand of paralysis (9)
 t - a wand of random effects (18)
 u - a wand of iceblast (4)
 y - a wand of flame (7)
Scrolls
 e - 5 scrolls of remove curse
 h - a scroll of amnesia {unknown}
 n - 3 scrolls of teleportation
 p - 2 scrolls of enchant armour
 s - 2 scrolls of fog {unknown}
 z - a scroll of blinking {unknown}
 E - a scroll of enchant weapon {unknown}
Potions
 c - 3 potions of flight
 k - 3 potions of brilliance
 l - 2 potions of mutation
 q - a potion of attraction {unknown}
 A - a potion of magic {unknown}
 C - a potion of heal wounds {unknown}


   Skills:
 - Level 7.0 Fighting
 - Level 4.0 Short Blades
 - Level 4.0 Dodging
 - Level 5.0 Stealth
 + Level 4.4 Spellcasting
 - Level 3.0 Conjurations
 - Level 4.0 Summonings
 - Level 1.0 Translocations
 - Level 2.0 Fire Magic
 - Level 3.0 Air Magic
 - Level 3.0 Poison Magic
 + Level 3.1 Evocations


You had 5 spell levels left.
You knew the following spells:

 Your Spells              Type           Power        Failure   Level
a - Magic Dart            Conj           80%          2%          1
b - Call Imp              Summ           25%          2%          2
c - Mephitic Cloud        Conj/Pois/Air  20%          8%          3
d - Blink                 Tloc           N/A          9%          2
e - Conjure Flame         Conj/Fire      18%          10%         3

Your spell library contained the following spells:

 Spells                   Type           Power        Failure   Level
 Slow                     Hex            5%           13%         2


Dungeon Overview and Level Annotations

Branches:
Dungeon (9/15)             Temple (0/1) D:7           Sewer (visited)
   Lair: D:8-11         Orc: D:9-12

Altars:
Fedhas
Gozag
Kikubaaqudgha
Ru
Sif Muna
The Shining One

Annotations:
D:8 Gastronok


Innate Abilities, Weirdness & Mutations

You cannot wear most types of armour.
You are very stealthy in the water. (Stealth+)
((You are amphibious.))
You can wear up to eight rings at the same time.
((You can use your tentacles to constrict eight enemies at once.))
((Your skin changes colour to match your surroundings (Stealth+).))
((Your rubbery body absorbs attacks. (AC +1, EV +1)))


Message History

The killer bee barely misses you. The killer bee stings you.
* * * LOW HITPOINT WARNING * * *
The killer bee stings you.
* * * LOW HITPOINT WARNING * * *
You are poisoned.
The killer bee poisons you!
Your crimson imp blinks!
Your white imp misses the killer bee.
The killer bee stings you!
* * * LOW HITPOINT WARNING * * *
You are too berserk!
You closely miss the killer bee.
The killer bee is severely wounded.
You feel sick.
The killer bee stings you but does no damage.
The killer bee stings you.
* * * LOW HITPOINT WARNING * * *
Your white imp hits the killer bee.
Your white imp freezes the killer bee.
The killer bee stings you.
You die...
Your body crumbles into a pile of gold. ######## #yyyyyy#

##+##y#
#.$.5♣#
+....5#
#.....###
#<......#
#..5....#
#.......#
#.......#
#####+###


You could see 3 killer bees, a friendly crimson imp (summoned) and 2 friendly
white imps.

Vanquished Creatures
  Psyche (D:8)
  A hornet (D:8)
  Sigmund (D:2)
  A black bear (D:7)
  An orc warrior (D:7)
  2 phantoms
  2 centaurs (D:6)
  Blork the orc (D:6)
  A water moccasin skeleton (D:4)
  3 killer bees (D:9)
  2 wights
  A howler monkey (D:7)
  A bullfrog zombie (D:8)
  A gnoll shaman (D:7)
  3 orc priests
  An orc wizard (D:8)
  An iguana (D:7)
  2 worker ants (D:8)
  A hound skeleton (D:4)
  A worker ant zombie (D:7)
  3 gnolls (D:7)
  5 adders
  A shadow imp (D:6)
  2 white imps (D:6)
  3 ufetubi
  An ooze (D:5)
  An adder skeleton (D:5)
  An adder zombie (D:5)
  3 worms
  4 leopard geckos
  9 orcs
  2 bats
  6 giant cockroaches
  7 hobgoblins
  9 jackals
  3 quokkas
  3 ball pythons
  5 frilled lizards
  10 goblins
  14 kobolds
  A leopard gecko skeleton (D:5)
  5 rats
126 creatures vanquished.

Vanquished Creatures (collateral kills)
  Purgy (Sewer)
  2 ice beasts (D:7)
  A sky beast (D:6)
  3 ogres
  2 bullfrogs
  A scorpion (D:7)
  3 wights (D:8)
  4 howler monkeys
  A jelly (D:7)
  2 hounds
  A bullfrog skeleton (D:6)
  2 iguanas
  Ijyb (D:4)
  3 worker ants
  3 gnolls (D:2)
  An adder (D:8)
  An ufetubus (D:5)
  9 orcs
  2 jackals (D:6)
  2 kobolds (Sewer)
45 creatures vanquished.

Grand Total: 171 creatures vanquished

Notes
Turn   | Place    | Note
-------+----------+-------------------------------------------
     0 | D:1      | thiole the Octopode Hedge Wizard began the quest for the
                  | Orb.
     0 | D:1      | Reached XP level 1. HP: 11/11 MP: 4/4
   349 | D:1      | Reached XP level 2. HP: 17/17 MP: 3/6
   708 | D:1      | Reached skill level 1 in Fighting
  1381 | D:2      | Reached XP level 3. HP: 24/24 MP: 5/7
  1389 | D:2      | Reached skill level 2 in Fighting
  2003 | D:2      | Reached XP level 4. HP: 29/29 MP: 1/8
  2808 | D:2      | Noticed Sigmund
  3917 | D:3      | Reached skill level 5 in Stealth
  4012 | D:4      | Reached skill level 1 in Poison Magic
  4023 | D:4      | Reached XP level 5. HP: 34/34 MP: 4/9
  4092 | D:4      | Learned a level 2 spell: Call Imp
  4096 | D:4      | Learned a level 3 spell: Mephitic Cloud
  4099 | D:4      | Learned a level 2 spell: Blink
  4215 | D:4      | Reached skill level 1 in Air Magic
  4343 | D:4      | Found a sacrificial altar of Ru.
  4345 | D:4      | Found an ancient bone altar of Kikubaaqudgha.
  4563 | D:4      | Found a glowing golden altar of the Shining One.
  4748 | D:4      | Noticed a phantom
  4796 | D:4      | Noticed Ijyb
  4814 | D:4      | Killed Ijyb
  4994 | D:5      | Entered Level 5 of the Dungeon
  5108 | D:5      | Reached XP level 6. HP: 39/39 MP: 3/11
  6168 | D:5      | Noticed a phantom
  6304 | D:5      | Found a shimmering blue altar of Sif Muna.
  6977 | D:2      | Killed Sigmund
  6978 | D:2      | Reached skill level 3 in Fighting
  6978 | D:2      | Reached XP level 7. HP: 46/46 MP: 4/13
  7704 | D:6      | Reached skill level 1 in Evocations
  7801 | D:6      | Reached skill level 4 in Fighting
  7998 | D:6      | Found a glowing drain.
  8020 | Sewer    | Entered a sewer
  8130 | Sewer    | Noticed Purgy
  8146 | Sewer    | Killed Purgy
  9464 | D:6      | Noticed Blork the orc
  9556 | D:6      | Killed Blork the orc
  9557 | D:6      | Reached skill level 5 in Fighting
  9557 | D:6      | Reached XP level 8. HP: 55/55 MP: 6/14
 10950 | D:6      | Learned a level 3 spell: Conjure Flame
 11166 | D:7      | Found an opulent altar of Gozag.
 11173 | D:7      | Became a worshipper of Gozag Ym Sagoz the Greedy
 11413 | D:7      | Found a staircase to the Ecumenical Temple.
 11457 | D:7      | Reached skill level 1 in Fire Magic
 11635 | D:7      | Found a blossoming altar of Fedhas.
 12718 | D:8      | Found the +15 Maxwell's patent armour {-Cast -Tele rElec
                  | Will+ rCorr}
 12891 | D:8      | Noticed Psyche
 13030 | D:8      | Reached skill level 6 in Fighting
 13041 | D:8      | Reached XP level 9. HP: 56/62 MP: 11/15
 13043 | D:8      | Killed Psyche
 13044 | D:8      | Reached skill level 7 in Fighting
 13044 | D:8      | Reached skill level 1 in Short Blades
 13309 | D:8      | Noticed a hornet
 13326 | D:8      | Killed a hornet
 13396 | D:8      | Noticed Gastronok
 13866 | D:9      | Noticed a queen bee
 13882 | D:9      | HP: 6/144 [killer bee (2)]
 13882 | D:9      | Slain by a killer bee

Illustrated notes

Levels and vault maps discovered:
D:1:      sevenhm_arrival_forest_fort_large_2, layout_loops_corners
D:2:      layout_basic, uniq_sigmund
D:3:      layout_loops_ring
D:4:      layout_basic, nicolae_overflow_hidden_temple, tso_oasis_becter,
          uniq_ijyb
D:5:      layout_basic, general_overflow_altar
D:6:      layout_cave_pods, portal_sewer_entry_e, uniq_blork_the_orc
D:7:      layout_loops_ring, lemuel_coloured_pillars_altar,
          minmay_temple_entry_butterflies, grunt_gozag_statues
D:8:      layout_loops_cross, lightli_church_of_beogh, uniq_gastronok,
          uniq_psyche
D:9:      layout_roguey, grunt_lair_entry_orc_guard_hut, special_room
          [special_room_bee], dk_noncrumbling_3, uniq_maggie

Skill      XL: |  1  2  3  4  5  6  7  8  9 |
---------------+----------------------------+-----
Conjurations   | 2 3 |  3.0
Fighting       | 1 2 3 5 6 7 |  7.0
Stealth        | 4 5 |  5.0
Poison Magic   | 1 2 3 |  3.0
Air Magic      | 2 3 |  3.0
Summonings     | 2 4 |  4.0
Spellcasting   | 4 |  4.4
Dodging        | 3 4 |  4.0
Evocations     | 2 3 |  3.1
Fire Magic     | 2 |  2.0
Short Blades   | 4 |  4.0
Translocations | |  1.0

Action                   |  1- 3 |  4- 6 |  7- 9 || total
-------------------------+-------+-------+-------++-------
Melee: Dagger            |    18 |    58 |    91 ||   167
       Constrict         |     7 |    15 |    27 ||    49
       Tentacles         |     5 |    13 |    27 ||    45
       Staff             |       |       |    37 ||    37
 Cast: Magic Dart        |    91 |   119 |    95 ||   305
       Call Imp          |       |    39 |   153 ||   192
       Mephitic Cloud    |       |     1 |    17 ||    18
       Conjure Flame     |       |       |     9 ||     9
Invok: Potion Petition   |       |       |     1 ||     1
Evoke: Wand              |       |       |     8 ||     8
  Use: Scroll            |       |     5 |    11 ||    16
       Potion            |       |       |     7 ||     7
 Stab: Sleeping          |       |     2 |     1 ||     3
       Distracted        |       |     2 |     2 ||     4
       Confused          |       |       |     7 ||     7
Armor: Skin              |     1 |     2 |    21 ||    24
Dodge: Dodged            |    16 |    48 |   130 ||   194
